AoeStats
← imenek2

Lombardia

508935482Analyzed
4v4 RM · 9d ago on Sep 24, 2026· 60m 31s· 8 players
Game mode
Random Map
Map size
Large (8 player)
Population
200
Speed
Normal
Resources
Standard
Victory
Conquest
Starting age
Dark Age
Ending age
Imperial Age
RankedLock teamsTeams togetherTeam positionsShared explorationLock speedFull tech treeHidden civsTurbo modeCheats
Victory
Defeat
🇦🇷 Armenians · Argentina
1382
+17
🇩🇪 Vietnamese · Germany
1367
+18
🇹🇷 Spanish · Türkiye
1364
+33
🇨🇳 Bulgarians · China
1352
+18
🇨🇿 Vikings · Czechia
1429
-19
🇨🇿 Magyars · Czechia
1421
-18
🇨🇿 Bengalis · Czechia
1401
-18
🇨🇿 Malay · Czechia
1372
-16
imenek2
6:32 Loom
8:57 Feudal Age
9:29 Double-Bit Axe
13:00 Horse Collar
19:37 Castle Age
18:25 Bloodlines
18:09 Gold Mining
19:46 Forging
19:47 Scale Barding Armor
20:02 Light Cavalry
21:28 Bow Saw
22:14 Wheelbarrow
23:25 Wheelbarrow
25:41 Heavy Plow
29:40 Hand Cart
29:26 Stone Mining
29:40 Town Watch
31:42 Chain Barding Armor
31:23 Fletching
31:53 Chain Barding Armor
31:50 Caravan
33:07 Iron Casting
36:14 Imperial Age
33:48 Bodkin Arrow
34:39 Stone Shaft Mining
37:31 Supremacy
38:06 Padded Archer Armor
38:45 Plate Barding Armor
39:10 Blast Furnace
38:38 Conscription
39:01 Leather Archer Armor
39:49 Coinage
40:40 Chemistry
40:01 Ballistics
39:53 Masonry
40:04 Ballistics
39:41 Hussar
40:21 Husbandry
40:53 Ring Archer Armor
39:53 Elite Conquistador
40:38 Husbandry
42:27 Hussar
44:05 Plate Barding Armor
44:02 Ring Archer Armor
44:33 Blast Furnace
44:08 Plate Barding Armor
44:15 Bombard Tower
44:25 Architecture
45:45 Bracer
47:21 Two-Man Saw
Les Choristes
9:06 Feudal Age
9:13 Loom
9:45 Double-Bit Axe
11:29 Horse Collar
19:41 Castle Age
17:43 Gold Mining
19:18 Scale Barding Armor
19:23 Forging
20:47 Bow Saw
21:14 Gold Shaft Mining
20:40 Heavy Plow
21:15 Chain Barding Armor
21:30 Iron Casting
21:06 Husbandry
22:45 Wheelbarrow
23:35 Bloodlines
25:43 Hand Cart
29:04 Gold Shaft Mining
28:31 Stone Mining
31:08 Stone Shaft Mining
34:05 Imperial Age
33:20 Stirrups
33:19 Light Cavalry
34:10 Cavalier
34:11 Hussar
35:37 Plate Barding Armor
36:03 Blast Furnace
35:05 Scale Mail Armor
35:30 Town Watch
36:58 Gambesons
37:48 Chain Mail Armor
38:17 Squires
37:38 Pikeman
39:06 Plate Mail Armor
39:00 Town Patrol
40:07 Conscription
40:08 Masonry
40:33 Crop Rotation
39:56 Capped Ram
41:24 Bagains
41:41 Siege Engineers
41:30 Arson
41:14 Siege Ram
42:00 Fletching
42:47 Architecture
43:33 Bodkin Arrow
43:38 Padded Archer Armor
45:39 Halberdier
47:31 Bracer
49:27 Leather Archer Armor
58:26 Ballistics
59:06 Chemistry
58:05 Murder Holes
Acces
4:50 Loom
12:55 Feudal Age
14:31 Fletching
16:48 Gold Mining
16:49 Double-Bit Axe
16:49 Horse Collar
24:23 Castle Age
22:48 Stone Mining
24:33 Crossbowman
25:15 Bodkin Arrow
25:20 Padded Archer Armor
25:28 Thumb Ring
26:21 Bow Saw
26:13 Heavy Plow
26:52 Town Watch
27:44 Ballistics
28:46 Wheelbarrow
30:17 Hand Cart
35:49 Imperial Age
34:49 Leather Archer Armor
36:33 Scale Barding Armor
36:39 Forging
36:38 Bracer
38:17 Chemistry
39:06 Ring Archer Armor
39:54 Bloodlines
39:45 Husbandry
40:08 Chain Barding Armor
41:37 Chatras
41:59 Paper Money
41:30 Light Cavalry
45:51 Elite Rattan Archer
50:17 Caravan
52:07 Elite Battle Elephant
58:48 Iron Casting
lobo
5:27 Loom
10:38 Feudal Age
11:32 Double-Bit Axe
11:30 Horse Collar
16:35 Castle Age
19:31 Bow Saw
20:21 Wheelbarrow
20:36 Town Watch
24:49 Hand Cart
26:51 Fervor
27:06 Gold Mining
30:00 Imperial Age
27:05 Man-at-Arms
28:17 Stone Mining
29:03 Gold Shaft Mining
27:57 Long Swordsman
29:03 Two-Handed Swordsman
29:43 Gambesons
29:58 Squires
29:44 Arson
30:21 Scale Mail Armor
30:25 Champion
32:07 Chain Mail Armor
33:04 Capped Ram
34:37 Fereters
35:03 Plate Mail Armor
34:45 Forging
36:16 Iron Casting
36:29 Conscription
37:28 Blast Furnace
36:41 Pikeman
37:30 Siege Ram
37:47 Halberdier
44:08 Fortified Wall
44:50 Caravan
46:50 Elite Composite Bowman
47:22 Fletching
48:36 Chemistry
48:05 Bodkin Arrow
48:33 Ballistics
49:18 Onager
50:32 Heavy Plow
56:32 Hoardings
56:09 Masonry
59:35 Bombard Tower
59:13 Murder Holes
58:59 Treadmill Crane
59:20 Bracer
60:00 Padded Archer Armor
Ondí
4:48 Loom
11:40 Feudal Age
24:31 Castle Age
23:42 Town Watch
25:49 Fletching
26:00 Padded Archer Armor
27:22 Bodkin Arrow
33:18 Horse Collar
33:37 Double-Bit Axe
33:51 Horse Collar
35:27 Heavy Plow
36:01 Bow Saw
40:06 Imperial Age
38:09 Corvinian Army
38:26 Leather Archer Armor
39:05 Thumb Ring
39:02 Scale Mail Armor
39:16 Bloodlines
39:06 Husbandry
40:58 Bracer
40:59 Gold Mining
41:39 Ballistics
42:28 Chemistry
42:00 Ring Archer Armor
41:55 Conscription
41:59 Recurve Bow
42:31 Parthian Tactics
42:14 Heavy Cavalry Archer
44:03 Scale Barding Armor
45:06 Chain Barding Armor
45:47 Light Cavalry
47:39 Plate Barding Armor
48:22 Gold Shaft Mining
47:34 Hussar
52:10 Chain Mail Armor
53:41 Capped Ram
MarcusBrody
10:43 Feudal Age
9:04 Loom
14:41 Castle Age
12:45 Double-Bit Axe
13:18 Horse Collar
19:31 Bow Saw
20:31 Heavy Plow
21:23 Squires
23:03 Gold Mining
23:04 Stone Mining
24:50 Arson
25:06 Scale Mail Armor
27:43 Chain Mail Armor
30:29 Imperial Age
30:01 Forging
30:03 Town Watch
31:45 Plate Mail Armor
31:50 Iron Casting
30:40 Elite Varangian Guard
32:25 Capped Ram
33:35 Siege Ram
38:34 Blast Furnace
40:24 Conscription
39:53 Elite Berserk
40:41 Elite Skirmisher
42:01 Fletching
42:12 Padded Archer Armor
42:17 Scale Barding Armor
43:14 Chemistry
42:32 Masonry
43:25 Chemistry
44:08 Bodkin Arrow
44:28 Leather Archer Armor
44:34 Chain Barding Armor
52:48 Bracer
56:23 Ring Archer Armor
56:15 Ballistics
56:26 Architecture
56:01 Siege Engineers
55:43 Crossbowman
57:53 Arbalester
Hagenar
10:54 Feudal Age
11:09 Loom
14:04 Double-Bit Axe
14:27 Town Watch
18:39 Castle Age
17:03 Horse Collar
19:39 Bow Saw
22:08 Fletching
23:23 Heavy Plow
24:22 Scale Barding Armor
27:02 Husbandry
27:15 Gold Mining
27:16 Stone Mining
28:22 Wheelbarrow
29:50 Hand Cart
30:12 Forging
34:22 Imperial Age
33:52 Gold Shaft Mining
34:28 Conscription
34:53 Iron Casting
34:21 Elite Battle Elephant
38:16 Blast Furnace
37:11 Bodkin Arrow
37:09 Light Cavalry
38:16 Forced Levy
40:15 Ballistics
40:57 Chemistry
40:00 Bracer
40:17 Elite Karambit Warrior
41:22 Squires
41:08 Arson
40:45 Man-at-Arms
41:30 Long Swordsman
42:22 Two-Handed Swordsman
45:50 Crop Rotation
53:34 Padded Archer Armor
[SP4RT] Petza IV.
8:20 Loom
10:33 Feudal Age
12:06 Double-Bit Axe
19:05 Castle Age
17:29 Horse Collar
21:05 Bow Saw
23:08 Pikeman
27:55 Fletching
32:13 Wheelbarrow
32:45 Town Watch
34:31 Bodkin Arrow
41:07 Imperial Age
39:03 Gold Mining
39:41 Paiks
39:40 Padded Archer Armor
41:51 Bracer
42:14 Conscription
41:35 Elite Elephant Archer
43:48 Ballistics
43:47 Stone Mining
44:42 Leather Archer Armor
45:38 Chemistry
46:31 Two-Man Saw
47:54 Ring Archer Armor
47:37 Bloodlines
47:27 Husbandry
49:36 Caravan
51:53 Hand Cart
52:48 Light Cavalry
55:29 Scale Barding Armor
55:35 Forging
58:31 Iron Casting
Connection lost

Rejoining the realm…

Still unreachable

The connection could not be restored.

Session expired

The server has moved on; the page needs a fresh start.